AoeStats
← periquin_182

Arena

509930351Analyzed
2v2 RM · 4d ago on Sep 28, 2026· 44m 34s· 4 players
Game mode
Random Map
Map size
Medium (4 player)
Population
200
Speed
Normal
Resources
Standard
Victory
Conquest
Starting age
Dark Age
Ending age
Imperial Age
RankedLock teamsTeams togetherTeam positionsShared explorationLock speedFull tech treeHidden civsTurbo modeCheats
Victory
Defeat
🇨🇭 Persians · Switzerland
866
+14
🇨🇭 Khmer · Switzerland
864
+15
🇺🇸 Britons · United States
840
-15
🇲🇽 Bengalis · Mexico
826
-14
periquin_182
2:25 Loom
9:45 Feudal Age
10:14 Double-Bit Axe
16:31 Castle Age
15:43 Stone Mining
15:42 Man-at-Arms
16:56 Forging
19:21 Iron Casting
23:10 Wheelbarrow
29:47 Imperial Age
28:36 Bow Saw
30:06 Hand Cart
30:29 Fletching
30:39 Padded Archer Armor
33:27 Leather Archer Armor
33:45 Ballistics
34:06 Conscription
34:49 Bloodlines
34:39 Husbandry
35:51 Fortified Wall
35:23 Light Cavalry
37:37 Chemistry
37:13 Bodkin Arrow
37:08 Pikeman
37:34 Gambesons
37:50 Squires
37:36 Arson
37:53 Scale Mail Armor
37:42 Halberdier
40:11 Blast Furnace
39:27 Chain Mail Armor
JoseRegens
0:47 Loom
11:06 Feudal Age
12:01 Double-Bit Axe
20:20 Castle Age
18:38 Horse Collar
19:57 Stone Mining
20:13 Gold Mining
20:19 Fletching
20:33 Padded Archer Armor
21:26 Heavy Plow
22:43 Bow Saw
25:49 Wheelbarrow
26:12 Town Watch
28:49 Ballistics
28:28 Bodkin Arrow
28:22 Elite Skirmisher
30:21 Leather Archer Armor
30:22 Fortified Wall
36:26 Imperial Age
35:05 Gold Shaft Mining
38:24 Ring Archer Armor
40:17 Two-Man Saw
45:11 Hand Cart
Innocent Civil
11:14 Feudal Age
13:17 Loom
16:10 Castle Age
14:43 Double-Bit Axe
16:46 Wheelbarrow
19:45 Bow Saw
24:03 Hand Cart
29:51 Imperial Age
28:05 Scale Barding Armor
28:11 Forging
27:52 Fletching
29:55 Chain Barding Armor
30:11 Iron Casting
29:59 Ballistics
29:30 Heated Shot
29:37 Murder Holes
30:23 Cavalier
31:04 Husbandry
31:16 Bloodlines
33:30 Chemistry
33:25 Citadels
33:07 Crossbowman
34:06 Kamandaran
34:30 Conscription
35:08 Savar
37:52 Thumb Ring
37:16 Elite War Elephant
39:37 Two-Man Saw
38:32 Gold Mining
38:29 Horse Collar
39:36 Plate Barding Armor
40:01 Blast Furnace
41:22 Bodkin Arrow
41:28 Padded Archer Armor
43:39 Leather Archer Armor
fyfy
10:47 Feudal Age
9:07 Loom
10:53 Feudal Age
14:34 Castle Age
12:21 Double-Bit Axe
12:43 Horse Collar
15:41 Bow Saw
19:34 Loom
20:26 Wheelbarrow
22:04 Hand Cart
21:53 Heavy Plow
23:07 Gold Mining
23:09 Stone Mining
27:07 Imperial Age
24:24 Town Watch
27:04 Gold Shaft Mining
27:08 Stone Shaft Mining
27:45 Heavy Scorpion
29:01 Conscription
29:15 Double Crossbow
29:31 Town Patrol
30:16 Crop Rotation
31:46 Chemistry
32:34 Ballistics
32:11 Murder Holes
32:26 Fortified Wall
32:22 Siege Engineers
32:28 Masonry
33:00 Hoardings
34:39 Light Cavalry
35:30 Bloodlines
35:20 Husbandry
35:20 Hussar
36:36 Scale Barding Armor
36:42 Forging
36:24 Fletching
40:23 Iron Casting
40:09 Chain Barding Armor
43:08 Blast Furnace
42:43 Plate Barding Armor
45:03 Bodkin Arrow
Connection lost

Rejoining the realm…

Still unreachable

The connection could not be restored.

Session expired

The server has moved on; the page needs a fresh start.